 Dungeon Crawl Stone Soup version 0.28-a0-779-g3d1f99b579 (webtiles) character file.

Game seed: 18290554323726761160

148855 spiderkeys the Nimble (level 17, -13/110 HPs)
             Began as a Tengu Abyssal Knight on Nov 2, 2021.
             Was the Champion of Lugonu.
             Killed from afar by Gal Jyir's ghost (42 damage)
             ... with a bolt of magma
             ... on level 3 of the Shoals on Nov 3, 2021.
             The game lasted 01:05:00 (36079 turns).

spiderkeys the Nimble (Tengu Abyssal Knight)       Turns: 36079, Time: 01:05:01

Health: -13/110    AC: 13    Str: 17    XL:     17   Next: 50%
Magic:  28/28      EV: 28    Int: 11    God:    Lugonu [******]
Gold:   2268       SH: 13    Dex: 18    Spells: 11/30 levels left

rFire   + + .      SeeInvis .   L - +9 broad axe (distort)
rCold   x x .      Faith    .   P - +0 kite shield
rNeg    . . .      Spirit   .   W - +3 salamander hide armour {Flames rF++ rC--}
rPois   .          Reflect  .   z - +1 hat {Will+}
rElec   .          Harm     .   u - +2 cloak
rCorr   .          Rampage  .   M - +2 pair of gloves
Will    ++...                   (boots unavailable)
Stlth   +.........              k - amulet of magic regeneration
HPRegen 0.28/turn               E - +4 ring of evasion
MPRegen 0.46/turn               Y - +4 ring of slaying

@: flying quickly and evasively, quick
A: beak, talons 3, nimble flight
a: Renounce Religion, Depart the Abyss, Bend Space, Banish, Corrupt, Enter the
Abyss


You were on level 3 of the Shoals.
You worshipped Lugonu.
Lugonu was exalted by your worship.
You visited 4 branches of the dungeon, and saw 26 of its levels.
You visited the Abyss 1 time.
You also visited: Ossuary and Volcano.

You collected 3084 gold pieces.
You spent 816 gold pieces at shops.


Innate Abilities, Weirdness & Mutations

You have a beak for a mouth.
You have claws for feet.
Your magical nature lets you fly swiftly and evasively.


   Skills:
 + Level 13.7 Fighting
 + Level 14.5(14.6) Axes
 - Level 2.1(9.7) Polearms
 - Level 3.0 Armour
 + Level 14.6 Dodging
 + Level 12.2 Shields
 + Level 7.2 Spellcasting
 + Level 12.4 Necromancy
 - Level 10.9 Invocations


You had 11 spell levels left.
You knew the following spells:

 Your Spells              Type           Power      Damage    Failure   Level
a - Animate Skeleton      Necr           62%        N/A       1%          1
d - Animate Dead          Necr           15%        N/A       1%          4
n - Dispel Undead         Necr           31%        3d14      1%          4
p - Pain                  Necr           100%       1d9       1%          1
t - Death Channel         Necr           15%        N/A       26%         6
v - Vampiric Draining     Necr           31%        2d8       1%          3

Your spell library contained the following spells:

 Spells                   Type           Power      Damage    Failure   Level
 Corpse Rot               Necr/Air       34%        N/A       3%          2
 Excruciating Wounds      Necr           15%        N/A       4%          5
 Magic Dart               Conj           12%        1d3       30%         1
 Sandblast                Erth           6%         2d5       30%         1
 Slow                     Hex            12%        N/A       30%         1
 Ensorcelled Hibernation  Hex/Ice        6%         N/A       41%         2
 Passwall                 Tmut/Erth      2%         N/A       41%         2
 Searing Ray              Conj           6%         2d4       41%         2
 Confusing Touch          Hex            3%         N/A       65%         3
 Portal Projectile        Hex/Tloc       6%         N/A       65%         3
 Spider Form              Tmut/Pois      3%         N/A       65%         3
 Stone Arrow              Conj/Erth      6%         3d7       65%         3
 Summon Guardian Golem    Hex/Summ       3%         N/A       65%         3
 Fulminant Prism          Conj/Hex       1%         3d6       96%         4
 Iskenderun's Mystic Bla  Conj/Tloc      3%         2d3       96%         4
 Simulacrum               Ice/Necr       8%         N/A       98%         6
 Blade Hands              Tmut           1%         N/A       100%        5
 Freezing Cloud           Conj/Ice/Air   1%         6-21      100%        5
 Irradiate                Conj/Tmut      1%         3d14      100%        5
 Iskenderun's Battlesphe  Conj           3%         2d6       100%        5
 Lee's Rapid Deconstruct  Erth           1%         3d5*      100%        5
 Yara's Violent Unravell  Hex/Tmut       1%         3d3       100%        5
 Eringya's Noxious Bog    Tmut/Pois      1%         N/A       100%        6
 Iron Shot                Conj/Erth      1%         9d1       100%        6
 Statue Form              Tmut/Erth      2%         N/A       100%        6
 Dragon Form              Tmut           1%         N/A       100%        7
 Haunt                    Necr/Summ      8%         N/A       100%        7
 Orb of Destruction       Conj           1%         N/A       100%        7
 Spellforged Servitor     Conj/Summ      1%         N/A       100%        7
 Infestation              Necr           15%        N/A       100%        8
 Polar Vortex             Ice            1%         N/A       100%        9

Inventory:

Hand Weapons
 c - the +8 war axe of Foul Odours {flame, Str+2}
   (You found it on level 2 of the Abyss)

   It burns those it strikes, dealing additional fire damage.
   Big, fiery blades are also staple armaments of hydra-hunters.
   Str:       It affects your strength (+2).
 L - a +9 broad axe of distortion (weapon)
   (You acquired it on level 9 of the Dungeon)
Missiles
 m - 118 poisoned darts
 y - 5 curare-tipped darts {=f}
Armour
 j - the +0 buckler of Ypni {Will++ SInv}
   (You found it on level 1 of the Shoals)

   SInv:      It lets you see invisible.
   Will:      It greatly increases your willpower.
 u - a +2 cloak (worn)
   (You took it off Crazy Yiuf on level 3 of the Dungeon)
 z - a +1 hat of willpower (worn)
   (You acquired it on level 2 of the Orcish Mines)
 M - a +2 pair of gloves (worn)
   (You found it on level 7 of the Dungeon)
 P - a +0 kite shield (worn)
   (You took it off a gnoll sergeant on level 8 of the Dungeon)
 W - the +3 salamander hide armour (worn) {Flames rF++ rC--}
   (You found it on level 2 of the Lair of Beasts)

   It surrounds you with a cloud of flames.
   It grants immunity to clouds of flame.
   It enhances your fire magic.
   rF:        It greatly protects you from fire.
   rC:        It makes you very vulnerable to cold.
Jewellery
 f - a ring of protection from fire
   (You found it on level 15 of the Dungeon)
 k - an amulet of magic regeneration (around neck)
   (You found it on level 2 of the Dungeon)
 v - a ring of see invisible
   (You found it on level 5 of the Dungeon)
 C - a ring of ice
   (You took it off Fannar on level 1 of the Lair of Beasts)
 E - a +4 ring of evasion (left hand)
   (You found it on level 2 of the Dungeon)
 R - a ring of resist corrosion
   (You found it on level 5 of the Dungeon)
 Y - a +4 ring of slaying (right hand)
   (You found it on level 1 of the Lair of Beasts)
 Z - a ring of wizardry
   (You found it on level 4 of the Dungeon)
Wands
 b - a wand of digging (1)
   (You found it on level 6 of the Lair of Beasts)
 h - a wand of flame (48)
   (You found it on level 13 of the Dungeon)
 r - a wand of charming (12)
   (You took it off Ijyb on level 3 of the Dungeon)
 G - a wand of iceblast (7)
   (You found it on level 4 of the Lair of Beasts)
 J - a wand of polymorph (9)
   (You found it on level 14 of the Dungeon)
 Q - a wand of paralysis (15)
   (You found it on level 9 of the Dungeon)
 U - a wand of mindburst (29)
   (You found it on level 11 of the Dungeon)
Scrolls
 e - 5 scrolls of amnesia
 i - 2 scrolls of fear
 o - a scroll of silence {!r}
 q - 3 scrolls of fog
 t - 5 scrolls of blinking {!r}
 w - 7 scrolls of enchant weapon
 x - 3 scrolls of magic mapping {!r}
 D - 8 scrolls of teleportation {@r4}
 K - 2 scrolls of vulnerability {!r!r}
 N - 3 scrolls of holy word
 S - 3 scrolls of immolation {!r!r}
 T - 4 scrolls of torment {!r}
Potions
 a - a potion of resistance
 d - 3 potions of brilliance
 g - 4 potions of mutation {!q}
 l - 8 potions of might
 n - 5 potions of cancellation
 p - 4 potions of curing {@q1}
 s - a potion of heal wounds {@q2}
 A - 4 potions of invisibility
 B - 3 potions of haste {@q3}
 F - 5 potions of berserk rage {!q}
 H - a potion of magic
 O - 2 potions of ambrosia
 V - 2 potions of lignification {!q}
 X - a potion of attraction {!q}
Miscellaneous
 I - a lightning rod (4/4)
   (You found it on level 6 of the Lair of Beasts)

Dungeon Overview and Level Annotations

Branches:
Dungeon (15/15)            Temple (0/1) D:7            Lair (6/6) D:11
 Shoals (3/4) Lair:4        Snake (0/4) Lair:4        Slime (0/5) Lair:6
    Orc (2/2) D:11            Elf (0/3) Orc:2        Vaults (0/5) D:14
 Depths (0/4) D:15        Ossuary (visited)         Volcano (visited)

Altars:
Dithmenos
Elyvilon
Fedhas
Gozag
Nemelex Xobeh
Okawaru
Qazlal
Trog
Vehumet
Wu Jian
Xom
Jiyva

Shops:
D:2 (   D:5 :   Orc:2 (!!(?   Shoals:2 *

Portals:
Abyss: Lair:1

Annotations:
Lair:1 2 transporters, flotson's ghost, journeyman MfDe
Lair:4 3 runed translucent doors, Lesmeliq's ghost, journeyman HuWn
Shoals:3 Gal Jyir's ghost, veteran DjCj

..........≈≈≈≈≈≈≈≈≈≈≈≈≈≈≈≈
..........≈≈≈≈≈≈≈≈≈≈≈≈≈≈≈≈
.........).....≈≈≈≈≈≈≈≈≈≈≈
...............≈≈≈≈≈≈≈≈≈≈≈
.............[.≈≈≈≈≈≈...≈≈
....$.W.........≈≈≈≈.....≈
..│w.##)##...W°.°.........
..*..#[_[#...○○§°☼...##.≈.
...§.##.##....°°@☼..## ≈
....≈≈###≈....§§§☼..#
##.≈≈≈.≈......≈≈≈≈..#
≈≈≈≈≈≈≈≈≈≈≈≈≈≈≈≈≈≈≈...
≈≈≈≈≈≈≈≈≈≈≈≈≈≈≈≈≈≈≈≈....
≈≈≈≈≈≈≈≈≈≈≈≈≈≈≈≈≈≈≈...≈≈
≈≈≈≈≈≈≈≈≈≈≈≈≈≈≈≈≈≈≈.≈.
≈≈≈≈≈≈≈≈≈≈≈≈≈≈≈≈≈≈....
≈≈≈≈≈≈≈≈≈≈≈≈≈≈≈≈


You could see Gal Jyir's ghost.


Message History

Gal Jyir's ghost hits you!
You wake up. 😕 HP[-9]
You take 9 damage, and now have 95/110 hp.
You slash Gal Jyir's ghost! Your kick misses Gal Jyir's ghost.
Gal Jyir's ghost blinks! 😕 HP[+1]
You slash Gal Jyir's ghost!
Space warps horribly around Gal Jyir's ghost!
Gal Jyir's ghost is engulfed in blazing flames.
Gal Jyir's ghost points at you and mumbles some strange words.
You resist with significant effort.
You closely miss Gal Jyir's ghost. You claw Gal Jyir's ghost.
Gal Jyir's ghost is engulfed in blazing flames.
Gal Jyir's ghost hits you but does no damage.
You closely miss Gal Jyir's ghost. Your peck misses Gal Jyir's ghost.
You slash Gal Jyir's ghost!
Space warps around Gal Jyir's ghost.
You claw Gal Jyir's ghost, but do no damage.
You peck Gal Jyir's ghost.
Gal Jyir's ghost is engulfed in blazing flames.
You block Gal Jyir's ghost's attack. 😕 HP[+1]
You slash Gal Jyir's ghost!
Space warps horribly around Gal Jyir's ghost!
You claw Gal Jyir's ghost. Gal Jyir's ghost completely misses you.
You hit Gal Jyir's ghost but do no damage.
Space warps around Gal Jyir's ghost.
You claw Gal Jyir's ghost, but do no damage.
You peck Gal Jyir's ghost!
Gal Jyir's ghost is engulfed in blazing flames.
Gal Jyir's ghost barely misses you.
You slash Gal Jyir's ghost! You claw Gal Jyir's ghost.
Your peck misses Gal Jyir's ghost. You block Gal Jyir's ghost's attack.
You slash Gal Jyir's ghost!
You claw Gal Jyir's ghost, but do no damage.
Gal Jyir's ghost blinks! 😕 HP[+1] Gal Jyir's ghost shouts, "You will join me soon!"
Gal Jyir's ghost casts a spell at you. The magic dart hits you! 😕 HP[-10]
You take 10 damage, and now have 88/110 hp.
Gal Jyir's ghost conjures a glowing orb.
An orb of destruction comes into view.
Gal Jyir's ghost is engulfed in blazing flames.
Gal Jyir's ghost gestures at you while chanting.
You fall asleep.
The wavering orb of destruction hits you!!!
You wake up.
Ouch! That really hurt!
* * * LOW HITPOINT WARNING * * *
Gal Jyir's ghost is engulfed in blazing flames.
Gal Jyir's ghost completely misses you. 😨 HP[-57]
You take 57 damage, and now have 31/110 hp.
MASSIVE DAMAGE!! (PAUSE)
You chop Gal Jyir's ghost into pieces!!!
Your kick misses Gal Jyir's ghost.
Gal Jyir's ghost blinks!
Gal Jyir's ghost gestures wildly while chanting.
The dungeon shakes, a horrible noise fills the air, and a portal to some otherworldly place is opened!
Press: ? - help, . - travel You can't see that place. [some shallow water.]
You now have 2268 gold pieces (gained 20).
An eldritch tentacle comes into view. 😨 HP[+1] 😨 HP[+1] Gal Jyir's ghost conjures a glowing orb.
The orb of destruction hits a stone wall. 😨 HP[+1]
There is a stone staircase leading up here.
You fly upwards.
There is a stone staircase leading down here. 😨 HP[+1]
You start resting. 😎 HP[+75]
Your hp is fully restored (110).
You fly downwards.
Level annotation: Gal Jyir's ghost, veteran DjCj
There is a stone staircase leading up here.
Gal Jyir's ghost is engulfed in blazing flames.
Gal Jyir's ghost casts a spell at you. The freezing blast misses you.
You slash Gal Jyir's ghost! You peck Gal Jyir's ghost!
You are engulfed in freezing vapours.
Gal Jyir's ghost hits you but does no damage. 😕 HP[-21]
You take 21 damage, and now have 89/110 hp.
You slice Gal Jyir's ghost!! You claw Gal Jyir's ghost.
You are engulfed in freezing vapours.
Gal Jyir's ghost is engulfed in blazing flames.
Gal Jyir's ghost points at you and mumbles some strange words.
The bolt of magma hits you!!! You partially resist.
* * * LOW HITPOINT WARNING * * *
You hear a sizzling sound! 😨 HP[-61]
You take 61 damage, and now have 28/110 hp.
MASSIVE DAMAGE!! (PAUSE) Gal Jyir's ghost casts a spell at you.
The bolt of magma hits you!!! You partially resist.
You die...

Skill      XL: |  1  2  3  4  5  6  7  8  9 10 11 12 13 14 15 16 17 |
---------------+----------------------------------------------------+-----
Axes           | 1 2 3 5 6 8 9 10 11 12 13 14 | 14.5
Invocations    | 2 3 4 5 7 8 9 10 | 10.9
Dodging        | 2 3 4 5 6 8 9 10 11 12 13 14 | 14.6
Armour         | 3 |  3.0
Fighting       | 4 5 7 8 9 10 11 12 13 | 13.7
Necromancy     | 1 2 3 4 6 7 9 10 11 12 | 12.4
Shields        | 1 4 6 7 8 9 10 11 12 | 12.2
Spellcasting   | 4 6 7 |  7.2
Polearms       | |  2.1

Action                   |  1- 3 |  4- 6 |  7- 9 | 10-12 | 13-15 | 16-18 || total
-------------------------+-------+-------+-------+-------+-------+-------++-------
Melee: War axe           |    45 |    46 |   157 |   375 |   455 |   130 ||  1208
       Kick              |     3 |    11 |    38 |   121 |   236 |   140 ||   549
       Peck              |       |     4 |    24 |    82 |   129 |    78 ||   317
       Hand axe          |       |       |    21 |       |       |       ||    21
       Broad axe         |       |       |       |       |   116 |   234 ||   350
Throw: Dart              |       |       |     6 |    24 |    22 |       ||    52
 Cast: Animate Skeleton  |       |       |     6 |    15 |       |       ||    21
       Pain              |       |       |       |     7 |       |       ||     7
       Vampiric Draining |       |       |       |    12 |       |       ||    12
Invok: Depart the Abyss  |     1 |       |       |       |       |       ||     1
       Bend Space        |       |       |       |     1 |     3 |       ||     4
       Banish            |       |       |       |     8 |     2 |     1 ||    11
       Brand Weapon With |       |       |       |       |     1 |       ||     1
Evoke: Wand              |       |       |       |    16 |    41 |     8 ||    65
       Lightning rod     |       |       |       |       |       |     4 ||     4
  Use: Scroll            |     1 |       |    10 |     9 |    14 |     7 ||    41
       Potion            |       |       |     2 |     8 |     3 |    10 ||    23
 Stab: Sleeping          |     4 |       |       |       |       |     1 ||     5
       Distracted        |       |       |       |     1 |       |       ||     1
       Petrifying        |       |       |       |       |     1 |       ||     1
Armor: Leather armour    |     8 |     1 |       |       |    41 |    49 ||    99
       Ring mail         |       |     5 |    53 |   130 |    45 |       ||   233
Dodge: Dodged            |    25 |    42 |   286 |   547 |   412 |   345 ||  1657
Block: Buckler           |       |       |       |    10 |    28 |       ||    38
       Kite shield       |       |       |       |       |   246 |   258 ||   504

Levels and vault maps discovered:
D:1:      minmay_arrival_semitransparent, layout_basic,
          shapermc_ecumenical_altar_mp_ritualfount, minmay_misc_feat_ornament
D:2:      layout_rooms, serial_shops, shop
D:3:      layout_basic, fiery_altar_vehumet, overflow_temple_1_default,
          uniq_ijyb, uniq_crazy_yiuf_cottage
D:4:      layout_basic, mainiacjoe_overflow_small_starburst
D:5:      layout_loops_ring, gammafunk_temple_overflow_pools, serial_shops, shop
D:6:      layout_loops_ring, nicolae_dithmenos_shadow_blocks, enter_ossuary_1
D:7:      layout_cave_pools, tgw_xom, minmay_temple_entry_statues,
          minmay_misc_feat_square
D:8:      layout_basic, st_stairs_12, chequers_decorated_corner
D:9:      layout_cave_pools, nicolae_wu_jian_immortal_techniques,
          minmay_diced_spiral
D:10:     layout_layer_cave
D:11:     layout_stronghold, lair_entry_dummy,
          kennysheep_orc_monster_closet_entryway, grunt_ministairs_7,
          nicolae_qazlal_style_of_elements
D:12:     layout_cave_pools
D:13:     layout_loops_cross, uniq_maurice, uniq_erolcha
D:14:     layout_loops_cross, erik_vaults_2, nemelex_spade_bored_becter,
          grunt_ministairs_6, st_stairs_4, nrook_pool_corridor, jiyva_altar_1
D:15:     grunt_enter_depths_snipers, layout_stronghold,
          trog_three_pillars_becter, minmay_alternating_orb
Lair:1:   layout_loops_ring, gammafunk_ghost_abyssal_escape, serial_bayou,
          serial_bayou_pond_e, serial_bayou_ford_a, serial_bayou_lagoon_a,
          serial_bayou_pond_c, serial_bayou_shore_b, st_stairs_7,
          cheibrodos_lair_reptile_den, uniq_fannar
Lair:2:   layout_cave_pods, st_stairs_6, uniq_maggie, uniq_prince_ribbit2,
          uniq_erica
Lair:3:   layout_regular_city, wad_woods_03, wad_woods_river_01
Lair:4:   layout_cave_pods, minmay_shoals_entry_centaurs,
          minmay_snake_entry_six_corridors, gammafunk_ghost_necromancy,
          beast_lair_carwin_9
Lair:5:   layout_cave_pods
Lair:6:   wormcave, layout_layer_cave, hangedman_lair_in_review, slime_dummy,
          gammafunk_ghost_grave
Shoals:1: layout_shoals, uniq_roxanne
Shoals:2: layout_shoals, serial_shops, nicolae_take_the_stairs, uniq_ilsuiw,
          uniq_polyphemus
Shoals:3: argonaut_golden_fleece, layout_shoals, ebering_ghost_xom,
          nicolae_shop_clearance
Orc:1:    layout_caves, enter_volcano_3, nicolae_orc_damp_corner
Orc:2:    st_orc_rangers, layout_diamond_mine, serial_shops,
          nicolae_shop_behind_doors, special_room

Notes
Turn   | Place    | Note
-------+----------+-------------------------------------------
     0 | Abyss:1  | spiderkeys the Tengu Abyssal Knight began the quest for the
                  | Orb.
     0 | Abyss:1  | Reached XP level 1. HP: 14/14 MP: 3/3
     0 | Abyss:1  | magus.rc [v1.9.10]
    71 | Abyss:1  | Found a corrupted altar of Lugonu.
    81 | Abyss:2  | Noticed a large abomination
   100 | Abyss:2  | Identified the +8 war axe of Foul Odours {flame, Str+2}
   101 | Abyss:2  | Noticed a large abomination
   102 | D:1      | You pass through the gate.
   102 | D:1      | Escaped the Abyss
   263 | D:1      | Found a faded altar of an unknown god.
   277 | D:1      | Reached * piety under Lugonu
   278 | D:1      | Reached XP level 2. HP: 19/19 MP: 4/4
   468 | D:1      | Reached skill level 1 in Axes
   591 | D:1      | Reached XP level 3. HP: 23/23 MP: 5/5
   879 | D:2      | Found Lodihiu's Antique Weapon Emporium.
   919 | D:2      | Reached skill level 2 in Invocations
  1532 | D:2      | Reached XP level 4. HP: 26/28 MP: 6/6
  1754 | D:3      | You pick up a book of Necromancy and begin reading...
  1754 | D:3      | You add the spells Pain, Animate Skeleton and Vampiric
                  | Draining to your library.
  1766 | D:3      | You pick up a book of Conjurations and begin reading...
  1766 | D:3      | You add the spells Magic Dart, Searing Ray and Fulminant
                  | Prism to your library.
  1847 | D:3      | Learned a level 1 spell: Animate Skeleton
  1908 | D:3      | Reached skill level 2 in Dodging
  2063 | D:3      | Found a radiant altar of Vehumet.
  2117 | D:3      | Found a runed translucent door.
  2118 | D:3      | Noticed Crazy Yiuf
  2140 | D:3      | Noticed Ijyb
  2153 | D:3      | Killed Ijyb
  2154 | D:3      | Reached skill level 3 in Armour
  2334 | D:3      | Found an iron altar of Okawaru.
  2634 | D:3      | Killed Crazy Yiuf
  2635 | D:3      | Gained mutation: Your magical nature lets you fly swiftly
                  | and evasively. [Tengu growth]
  2635 | D:3      | Reached XP level 5. HP: 33/33 MP: 7/7
  2716 | D:4      | Reached ** piety under Lugonu
  2717 | D:4      | Reached skill level 2 in Axes
  2719 | D:4      | Reached skill level 4 in Fighting
  2719 | D:4      | Reached skill level 1 in Necromancy
  2720 | D:4      | Reached XP level 6. HP: 38/38 MP: 9/9
  2724 | D:4      | Found an opulent altar of Gozag.
  2763 | D:4      | Identified the +9 long sword of Symmetry {pain, rElec Str+2
                  | Dex-5}
  2789 | D:4      | Reached skill level 3 in Dodging
  2791 | D:4      | Reached skill level 3 in Invocations
  2793 | D:4      | Reached skill level 2 in Necromancy
  2975 | D:4      | Reached skill level 3 in Axes
  3206 | D:5      | Entered Level 5 of the Dungeon
  3298 | D:5      | Reached XP level 7. HP: 44/44 MP: 10/10
  3381 | D:5      | Found Naon's Book Shoppe.
  3467 | D:5      | You pick up a book of Dangerous Friends and begin
                  | reading...
  3467 | D:5      | You add the spells Summon Guardian Golem, Orb of
                  | Destruction and Spellforged Servitor to your library.
  3485 | D:5      | Reached skill level 3 in Necromancy
  3737 | D:5      | Learned a level 1 spell: Pain
  3741 | D:5      | Learned a level 3 spell: Vampiric Draining
  3757 | D:5      | Reached skill level 4 in Dodging
  3766 | D:5      | Identified the +5 hand axe of Rumuluj {vorpal, rPois rF+
                  | rN++ Int-2}
  3948 | D:5      | Found a white marble altar of Elyvilon.
  3949 | D:5      | Found a blossoming altar of Fedhas.
  4074 | D:6      | Found a sand-covered staircase.
  4088 | Ossuary  | Entered an ossuary
  4101 | Ossuary  | Reached XP level 8. HP: 32/48 MP: 11/11
  4101 | Ossuary  | Reached *** piety under Lugonu
  4103 | Ossuary  | Reached skill level 5 in Fighting
  4103 | Ossuary  | Reached skill level 4 in Axes
  4104 | Ossuary  | Reached skill level 4 in Invocations
  4478 | D:6      | Found a shadowy altar of Dithmenos.
  4482 | D:6      | Reached skill level 4 in Necromancy
  4742 | D:6      | Reached skill level 5 in Dodging
  5223 | D:7      | Reached skill level 5 in Axes
  5226 | D:7      | Reached XP level 9. HP: 23/55 MP: 13/13
  5682 | D:7      | Reached skill level 5 in Necromancy
  5684 | D:7      | Reached skill level 6 in Fighting
  5705 | D:7      | Reached skill level 5 in Invocations
  5926 | D:7      | Found a staircase to the Ecumenical Temple.
  5934 | D:7      | Found a shimmering altar of Xom.
  6423 | D:8      | Reached skill level 6 in Dodging
  6620 | D:8      | HP: 12/56 [orc warrior (11)]
  6624 | D:8      | Reached skill level 6 in Axes
  7407 | D:8      | Reached **** piety under Lugonu
  7616 | D:9      | Reached skill level 6 in Necromancy
  7622 | D:9      | Reached skill level 1 in Shields
  7623 | D:9      | Noticed a kobold demonologist
  7629 | D:9      | Noticed a rust devil
  7630 | D:9      | Noticed a kobold demonologist
  7632 | D:9      | Killed a kobold demonologist
  7633 | D:9      | Reached skill level 7 in Fighting
  7633 | D:9      | Reached XP level 10. HP: 42/63 MP: 15/15
  7741 | D:9      | Noticed a sun demon
  7745 | D:9      | HP: 12/63 [sun demon[a kobold demonologist] (16)]
  7747 | D:9      | Noticed a soul eater
  7747 | D:9      | Killed a kobold demonologist
  7748 | D:9      | Reached skill level 7 in Dodging
  7748 | D:9      | Reached skill level 2 in Shields
  7748 | D:9      | Reached skill level 6 in Invocations
  7945 | D:9      | Noticed a two-headed ogre
  7972 | D:9      | Killed a two-headed ogre
  7973 | D:9      | Reached skill level 7 in Axes
  8123 | D:9      | Reached skill level 3 in Shields
  9140 | D:8      | Reached skill level 4 in Shields
  9330 | D:9      | You pick up a book of Power and begin reading...
  9330 | D:9      | You add the spells Iskenderun's Battlesphere and Iron Shot
                  | to your library.
  9349 | D:9      | Found an ornate altar of the Wu Jian Council.
  9533 | D:9      | Identified a scroll of acquirement
  9534 | D:9      | Acquired a +5 broad axe of draining
  9560 | D:10     | Entered Level 10 of the Dungeon
  9577 | D:10     | Reached skill level 8 in Dodging
  9644 | D:10     | Noticed a two-headed ogre
  9670 | D:10     | Killed a two-headed ogre
  9671 | D:10     | Reached skill level 8 in Fighting
  9671 | D:10     | Reached skill level 8 in Axes
  9671 | D:10     | Reached skill level 7 in Invocations
  9671 | D:10     | Reached XP level 11. HP: 45/68 MP: 9/17
 10379 | D:10     | You pick up a book of Death and begin reading...
 10379 | D:10     | You add the spells Animate Dead, Haunt and Infestation to
                  | your library.
 10830 | D:11     | Found a stormy altar of Qazlal.
 10859 | D:11     | Found a staircase to the Lair.
 10926 | D:11     | Reached skill level 5 in Shields
 11321 | D:11     | Reached ***** piety under Lugonu
 11373 | D:11     | Found a staircase to the Orcish Mines.
 11457 | D:10     | Reached skill level 9 in Dodging
 12008 | D:11     | Reached skill level 9 in Axes
 12317 | D:11     | Noticed a seven-headed hydra
 12327 | D:11     | Killed a three-headed hydra
 12328 | D:11     | Reached skill level 9 in Fighting
 12654 | D:11     | Learned a level 4 spell: Animate Dead
 12728 | D:12     | Noticed a manticore
 12733 | D:12     | Reached skill level 6 in Shields
 12736 | D:12     | Killed a manticore
 12737 | D:12     | Reached skill level 8 in Invocations
 12737 | D:12     | Reached XP level 12. HP: 60/76 MP: 17/19
 12847 | D:12     | Noticed a five-headed hydra
 12855 | D:12     | Killed a two-headed hydra
 12955 | D:12     | Noticed a two-headed ogre
 12962 | D:12     | Killed a two-headed ogre
 13138 | D:12     | Noticed a two-headed ogre
 13149 | D:12     | Killed a two-headed ogre
 13257 | D:12     | Noticed a six-headed hydra
 13268 | D:12     | Killed a four-headed hydra
 13477 | D:12     | Identified the +6 long sword "Tops" {flame, Fly}
 13623 | D:12     | Noticed a five-headed hydra
 13632 | D:12     | Killed a two-headed hydra
 13914 | D:13     | Noticed a centaur warrior
 13920 | D:13     | Killed a centaur warrior
 13921 | D:13     | Reached skill level 7 in Necromancy
 14199 | D:13     | Noticed Maurice
 14209 | D:13     | Killed Maurice
 14210 | D:13     | Reached skill level 10 in Dodging
 14247 | D:13     | You are sucked into a shaft and drop 2 floors!
 14247 | D:15     | Entered Level 15 of the Dungeon
 14254 | D:15     | Noticed a two-headed ogre
 14262 | D:15     | Noticed an ogre mage
 14274 | D:14     | HP: 18/77 [poisoned by a meliai]
 14279 | D:14     | HP: 17/77 [meliai (4)]
 14284 | D:14     | Reached skill level 10 in Axes
 14548 | D:14     | Noticed a boulder beetle
 14549 | D:14     | Banished a boulder beetle
 14550 | D:14     | Reached skill level 7 in Shields
 14551 | D:14     | Noticed a two-headed ogre
 14555 | D:14     | Noticed a six-headed hydra
 14556 | D:14     | Noticed a boulder beetle
 14559 | D:14     | Killed a two-headed ogre
 14561 | D:14     | Banished a six-headed hydra
 14563 | D:14     | Banished a boulder beetle
 14564 | D:14     | Reached skill level 10 in Fighting
 14825 | D:14     | Noticed a centaur warrior
 14835 | D:14     | Killed a centaur warrior
 14836 | D:14     | Reached XP level 13. HP: 82/82 MP: 20/20
 15021 | D:14     | Reached skill level 9 in Invocations
 15201 | D:14     | Noticed a vault guard
 15201 | D:14     | Noticed a vault guard
 15201 | D:14     | Noticed a vault guard
 15201 | D:14     | Noticed a vault guard
 15262 | D:13     | Noticed Erolcha
 15280 | D:13     | Reached skill level 8 in Necromancy
 15281 | D:13     | Killed Erolcha
 16046 | D:14     | Noticed a vault guard
 16501 | D:14     | Found a gate to the Vaults.
 16519 | D:14     | Noticed a vault guard
 16815 | D:13     | HP: 13/83 [vault guard (18)]
 17172 | D:13     | Killed a vault guard
 17384 | D:13     | Killed a vault guard
 17647 | D:14     | Killed a vault guard
 17647 | D:14     | Noticed a vault guard
 17648 | D:14     | Reached skill level 8 in Shields
 17663 | D:14     | HP: 18/83 [vault guard (3)]
 17682 | D:14     | HP: 14/83 [vault guard/stone (8)]
 17710 | D:14     | Killed a vault guard
 17751 | D:14     | Killed a vault guard
 18109 | D:14     | Noticed a vault guard
 18110 | D:14     | Banished a vault guard
 18111 | D:14     | Banished a vault guard
 18112 | D:14     | Reached skill level 11 in Dodging
 18200 | D:14     | Found a viscous altar of Jiyva.
 18584 | D:14     | Reached skill level 11 in Axes
 18675 | D:14     | Found a sparkling altar of Nemelex Xobeh.
 19288 | Lair:1   | Entered Level 1 of the Lair of Beasts
 19562 | Lair:1   | Reached skill level 9 in Necromancy
 19732 | Lair:1   | Noticed a great orb of eyes
 19810 | Lair:1   | Found a transporter.
 19824 | Lair:1   | Found a transporter.
 19824 | Lair:1   | Noticed flotson's ghost (journeyman MfDe)
 19827 | Lair:1   | Found a one-way gate to the infinite horrors of the Abyss.
 20088 | Lair:1   | Reached XP level 14. HP: 83/88 MP: 22/22
 20139 | Lair:1   | Noticed Fannar
 20324 | D:11     | Reached skill level 11 in Fighting
 20417 | Lair:1   | Killed Fannar
 21049 | Lair:2   | Noticed Erica
 21052 | Lair:2   | Killed Erica
 21108 | Lair:2   | Noticed Maggie
 21122 | Lair:2   | Killed Maggie
 21166 | Lair:2   | Reached skill level 10 in Invocations
 21260 | Lair:2   | Found the +3 salamander hide armour {Flames rF++ rC--}
 21360 | Lair:2   | Reached skill level 9 in Shields
 21524 | Lair:2   | Noticed Prince Ribbit
 21541 | Lair:2   | Killed Prince Ribbit
 22725 | Lair:3   | You pick up a book of Transfigurations and begin reading...
 22725 | Lair:3   | You add the spells Irradiate, Blade Hands and Dragon Form
                  | to your library.
 22746 | Lair:3   | Reached skill level 10 in Necromancy
 22752 | Lair:3   | Reached skill level 12 in Dodging
 22753 | Lair:3   | Reached skill level 12 in Axes
 23460 | Lair:4   | Found a staircase to the Shoals.
 23516 | Lair:4   | Reached XP level 15. HP: 96/96 MP: 23/23
 23609 | Lair:4   | Found a staircase to the Snake Pit.
 24016 | Lair:4   | Found a runed translucent gate.
 24016 | Lair:4   | Found a runed translucent gate.
 24016 | Lair:4   | Found a runed translucent gate.
 24134 | Lair:4   | Noticed Lesmeliq's ghost (journeyman HuWn)
 24465 | Lair:4   | You pick up a book of Ice and begin reading...
 24465 | Lair:4   | You add the spells Freezing Cloud, Simulacrum and Polar
                  | Vortex to your library.
 24769 | Lair:5   | Reached skill level 10 in Shields
 25102 | Lair:5   | Reached skill level 12 in Fighting
 25123 | Lair:5   | Reached ****** piety under Lugonu
 25124 | Lair:5   | Identified a +9 broad axe of distortion (a +7 broad axe of
                  | draining corrupted by Lugonu)
 25124 | Lair:5   | Received a gift from Lugonu
 25796 | Lair:5   | You pick up a book of Decay and begin reading...
 25796 | Lair:5   | You add the spells Corpse Rot, Dispel Undead and Death
                  | Channel to your library.
 26073 | Lair:6   | Entered Level 6 of the Lair of Beasts
 26077 | Lair:6   | Found a staircase to the Slime Pits.
 26090 | Lair:6   | Reached skill level 1 in Spellcasting
 26293 | Lair:6   | You pick up a book of Blasting and begin reading...
 26293 | Lair:6   | You add the spells Iskenderun's Mystic Blast and Lee's
                  | Rapid Deconstruction to your library.
 26327 | Lair:6   | Reached skill level 2 in Spellcasting
 26416 | Lair:6   | Found a runed translucent door.
 26417 | Lair:6   | Noticed Ucuahorph's ghost (journeyman DsCj)
 26471 | Lair:6   | Reached skill level 3 in Spellcasting
 26491 | Lair:6   | Reached skill level 13 in Dodging
 26537 | Lair:6   | Reached skill level 13 in Axes
 26778 | Lair:6   | Killed Ucuahorph's ghost
 26779 | Lair:6   | Identified the +7 great mace of Hospitality {elec, rF++}
 26795 | Lair:6   | You pick up a book of Geomancy and begin reading...
 26795 | Lair:6   | You add the spells Sandblast, Passwall and Stone Arrow to
                  | your library.
 26924 | Lair:6   | You pick up a book of Weapons and begin reading...
 26924 | Lair:6   | You add the spells Portal Projectile and Excruciating
                  | Wounds to your library.
 27095 | Lair:6   | Reached skill level 4 in Spellcasting
 27376 | Lair:6   | You pick up a book of Dreams and begin reading...
 27376 | Lair:6   | You add the spells Ensorcelled Hibernation and Spider Form
                  | to your library.
 27632 | Lair:6   | Found a runed translucent door.
 27670 | Lair:6   | Reached XP level 16. HP: 103/103 MP: 25/25
 27826 | Lair:6   | You pick up a book of Misfortune and begin reading...
 27826 | Lair:6   | You add the spells Slow, Confusing Touch and Yara's Violent
                  | Unravelling to your library.
 27868 | Lair:6   | Reached skill level 5 in Spellcasting
 27983 | Lair:6   | Learned a level 4 spell: Dispel Undead
 27990 | Lair:6   | Learned a level 6 spell: Death Channel
 28249 | Orc:1    | Entered Level 1 of the Orcish Mines
 28253 | Orc:2    | Entered Level 2 of the Orcish Mines
 28309 | Orc:1    | Found a dark tunnel.
 28319 | Volcano  | Entered a volcano
 28517 | Volcano  | Reached skill level 11 in Shields
 28517 | Volcano  | Reached skill level 11 in Necromancy
 29269 | Orc:2    | Found a staircase to the Elven Halls.
 29747 | Orc:2    | Found Tyblumack's Antique Weapon Emporium.
 30025 | Orc:2    | Found Nixidya's Distillery.
 30025 | Orc:2    | Found Deilut's Weapon Shoppe.
 30025 | Orc:2    | Found Jererphyu's Magic Scroll Emporium.
 30028 | Orc:2    | Found Dotab's Distillery.
 30035 | Orc:2    | Bought a scroll of acquirement for 676 gold pieces
 30035 | Orc:2    | Acquired a +0 hat of willpower
 30048 | Orc:2    | Bought a potion of heal wounds for 70 gold pieces
 30048 | Orc:2    | Bought a potion of heal wounds for 70 gold pieces
 30500 | D:15     | Reached skill level 13 in Fighting
 30710 | D:15     | Found a staircase to the Depths.
 30875 | D:15     | Found a bloodstained altar of Trog.
 30968 | D:15     | Reached skill level 6 in Spellcasting
 31477 | D:15     | Reached skill level 14 in Dodging
 31895 | Shoals:1 | Entered Level 1 of the Shoals
 32366 | Shoals:1 | Identified Roxanne's Catalogue of Transmigration
 32366 | Shoals:1 | Noticed Roxanne
 32379 | Shoals:1 | HP: 22/104 [Roxanne/crystal spear (47)]
 32392 | Shoals:1 | HP: 14/104 [Roxanne/crystal spear (33)]
 32394 | Shoals:1 | Killed Roxanne
 32395 | Shoals:1 | Reached skill level 14 in Axes
 32402 | Shoals:1 | You add the spells Statue Form and Eringya's Noxious Bog to
                  | your library.
 32653 | Shoals:1 | Identified the +0 buckler of Ypni {Will++ SInv}
 33382 | Shoals:2 | Reached XP level 17. HP: 41/109 MP: 22/27
 33648 | Shoals:2 | Reached skill level 12 in Necromancy
 33988 | Shoals:2 | Noticed Ilsuiw
 33999 | Shoals:2 | Killed Ilsuiw
 34005 | Shoals:2 | HP: 26/109 [wind drake/the air (23)]
 34011 | Shoals:2 | HP: 19/109 [wind drake/the air (10)]
 34361 | Shoals:2 | Found Vafah's General Store.
 34544 | Shoals:2 | Noticed a kraken
 34550 | Shoals:2 | Killed a kraken
 34551 | Shoals:2 | Reached skill level 12 in Shields
 34941 | Shoals:2 | Reached skill level 7 in Spellcasting
 35070 | Shoals:2 | Noticed Polyphemus
 35091 | Shoals:2 | Killed Polyphemus
 35455 | Shoals:2 | You pick up a book of Conjurations and begin reading...
 35753 | Shoals:3 | Found a runed translucent door.
 35764 | Shoals:3 | Found a shimmering altar of Xom.
 35764 | Shoals:3 | Noticed Gal Jyir's ghost (veteran DjCj)
 36079 | Shoals:3 | Killed from afar by Gal Jyir's ghost

Vanquished Creatures
  A kraken (Shoals:2)
  Polyphemus (Shoals:2)
  Ilsuiw (Shoals:2)
  Roxanne (Shoals:1)
  A frost giant (D:15)
  The ghost of Ucuahorph the Devastator, a journeyman DsCj of Qazlal (Lair:6)
  A dire elephant (Lair:6)
  A merfolk javelineer (Shoals:2)
  2 fire dragons
  2 ettins (Orc:1)
  3 merfolk impalers (Shoals:2)
  Fannar (Lair:1)
  5 vault guards
  14 hydras
  Erolcha (D:13)
  An ogre mage (D:15)
  2 boulder beetles (D:15)
  Erica (Lair:2)
  7 centaur warriors
  A catoblepas (D:15)
  4 merfolk avatars
  24 death yaks
  A dancing weapon (Shoals:3)
  7 two-headed ogres
  2 tengu warriors (D:15)
  4 sun demons (Volcano)
  4 sea snakes
  3 harpies (Shoals:2)
  3 deep elf pyromancers
  2 orc knights (Orc:2)
  2 lindwurms (Lair:6)
  3 orc sorcerers
  9 fauns
  3 ugly things
  2 cyclopes (D:15)
  10 elephants
  8 manticores
  Maurice (D:13)
  5 merfolk sirens
  8 black mambas
  2 gargoyles
  4 water nymphs
  15 cane toads
  7 torpor snails
  Maggie (Lair:2)
  2 kobold demonologists (D:9)
  3 yaktaurs (D:15)
  3 efreet (D:15)
  2 rime drakes (Lair:6)
  A tengu conjurer (D:15)
  8 komodo dragons
  A meliai (D:15)
  12 merfolk
  6 hornets (Lair:6)
  3 trolls
  Prince Ribbit (Lair:2)
  3 tyrant leeches (Lair:6)
  A wind drake (Shoals:2)
  5 polar bears
  17 slime creatures
  19 blink frogs
  A snapping turtle (Shoals:2)
  4 dream sheep
  A vampire (D:13)
  A water elemental (Shoals:2)
  A wraith (D:11)
  2 shadows
  6 wyverns
  A basilisk (Lair:3)
  81 yaks
  7 steam dragons (Volcano)
  7 vampire mosquitoes
  A warg (Orc:1)
  An acid dragon (D:10)
  3 hell hounds
  27 water moccasins
  A hornet zombie (D:8)
  39 orc warriors
  2 necrophages
  6 wolves (Lair:4)
  6 ogres
  26 centaurs
  A phantom (D:7)
  9 kobold brigands
  An elf zombie (Ossuary)
  5 gnoll sergeants
  16 bullfrogs
  2 scorpions
  22 killer bees
  5 wights (D:10)
  A howler monkey (D:8)
  2 electric eels
  A bullfrog zombie (D:6)
  3 centaur zombies
  6 human zombies (Ossuary)
  5 hounds
  3 jellies (D:14)
  Crazy Yiuf (D:3)
  2 bullfrog skeletons
  A gnoll shaman (D:8)
  21 orc priests
  2 iguanas
  Ijyb (D:3)
  14 orc wizards
  6 hell rats (Lair:4)
  A killer bee zombie (D:8)
  4 mummies (Ossuary)
  A howler monkey zombie (D:9)
  A howler monkey skeleton (D:7)
  7 gnolls
  8 adders
  A shadow imp (D:7)
  A white imp (D:6)
  An adder skeleton (D:4)
  An adder zombie (Ossuary)
  A dart slug (D:2)
  A worm (D:2)
  56 orcs
  3 ball pythons (D:1)
  6 endoplasms
  6 giant cockroaches
  6 goblins
  4 hobgoblins
  8 jackals
  23 kobolds
  4 bats
  2 frilled lizards
  A goblin zombie (Ossuary)
  A hobgoblin zombie (Ossuary)
  A kobold zombie (Ossuary)
  3 rats
  A rat zombie (Ossuary)
  2 bushes
  3 tentacles (Shoals:2)
781 creatures vanquished.

Vanquished Creatures (collateral kills)
  A yak (D:9)
  An orc warrior (D:9)
2 creatures vanquished.

Vanquished Creatures (others)
  A rat (D:3)
  A bush (Lair:6)
  87 fungi
  273 plants
  4 tentacles (Shoals:2)
366 creatures vanquished.

Grand Total: 1149 creatures vanquished

Table legend:
 A = Non-vault XP
 B = Vault XP
 C = Vault XP percentage of total XP
 D = Non-vault monster count
 E = Vault monster count
 F = Vault count percentage of total count
                 A         B        C        D         E       F
            +---------+---------+-------+---------+---------+-------
      Total |  137810 |   74840 |  35.2 |     579 |     227 |  28.2
            +---------+---------+-------+---------+---------+-------
        D:1 |      36 |       0 |   0.0 |      20 |       0 |   0.0
        D:2 |      48 |       0 |   0.0 |      19 |       0 |   0.0
        D:3 |      21 |      80 |  79.2 |       5 |       2 |  28.6
        D:4 |     391 |       0 |   0.0 |      17 |       0 |   0.0
        D:5 |     452 |       0 |   0.0 |      11 |       0 |   0.0
        D:6 |     780 |       0 |   0.0 |      17 |       0 |   0.0
        D:7 |     901 |       0 |   0.0 |      13 |       0 |   0.0
        D:8 |     821 |     681 |  45.3 |      13 |       5 |  27.8
        D:9 |    4231 |     102 |   2.4 |      45 |       2 |   4.3
       D:10 |    2476 |      84 |   3.3 |      19 |       1 |   5.0
       D:11 |    5293 |    2308 |  30.4 |      33 |      20 |  37.7
       D:12 |    7186 |       0 |   0.0 |      20 |       0 |   0.0
       D:13 |    2444 |    3357 |  57.9 |       4 |       5 |  55.6
       D:14 |    7967 |    7141 |  47.3 |      23 |      12 |  34.3
       D:15 |    9954 |   10333 |  50.9 |      20 |      18 |  47.4
     Lair:1 |    8106 |    1392 |  14.7 |      30 |       8 |  21.1
     Lair:2 |    2881 |    3075 |  51.6 |      14 |       9 |  39.1
     Lair:3 |   11414 |     835 |   6.8 |      24 |       5 |  17.2
     Lair:4 |   12537 |    3157 |  20.1 |      42 |      15 |  26.3
     Lair:5 |    8266 |       0 |   0.0 |      33 |       0 |   0.0
     Lair:6 |   15522 |   17814 |  53.4 |      39 |      39 |  50.0
   Shoals:1 |    7710 |    1301 |  14.4 |      15 |       1 |   6.2
   Shoals:2 |   21615 |    9497 |  30.5 |      39 |      11 |  22.0
   Shoals:3 |     498 |     818 |  62.2 |       1 |       1 |  50.0
      Orc:1 |    4330 |     299 |   6.5 |      30 |       2 |   6.2
      Orc:2 |    1930 |    5960 |  75.5 |      33 |      41 |  55.4
    Ossuary |       0 |     426 | 100.0 |       0 |      16 | 100.0
    Volcano |       0 |    6180 | 100.0 |       0 |      14 | 100.0
            +---------+---------+-------+---------+---------+-------

Illustrated notes

Table legend:
 A = Kills in this place as a percentage of kills in entire the game.
 B = Kills by you in this place as a percentage of kills by you in the entire game.
 C = Kills by friends in this place as a percentage of kills by friends in the entire game.
 D = Other kills in this place as a percentage of other kills in the entire game.
 E = Experience gained in this place as a percentage of experience gained in the entire game.
 F = Experience gained in this place divided by the number of levels of this place that you have seen.
                   A       B       C       D       E      F
               +-------+-------+-------+-------+-------+----------------------
         Total | 100.0 | 100.0 | 100.0 | 100.0 | 100.0 | 7088.3
       Dungeon |  42.7 |  42.9 | 100.0 |  32.1 |  31.5 | 4472.5
          Lair |  32.0 |  32.1 |   0.0 |  32.1 |  40.0 | 14166.5
        Shoals |   8.4 |   7.6 |   0.0 |  32.1 |  19.5 | 13813.0
  Orcish Mines |  13.2 |  13.7 |   0.0 |   0.0 |   5.9 | 6259.5
       Ossuary |   2.0 |   2.1 |   0.0 |   0.0 |   0.2 | 426.0
       Volcano |   1.7 |   1.7 |   0.0 |   3.6 |   2.9 | 6180.0
               +-------+-------+-------+-------+-------+----------------------

Table legend: (Time is in decaauts)
 A = Elapsed time spent in this place.
 B = Non-inter-level travel time spent in this place.
 C = Inter-level travel time spent in this place.
 D = Time resting spent in this place.
 E = Time spent auto-exploring this place.
 F = Levels seen in this place.
 G = Mean time per level.
                   A        B        C        D        E       F      G
               +--------+--------+--------+--------+--------+-----+--------+
         Total |  34493 |  33081 |   1412 |   6572 |  21147 |  30 | 1149.8 |
       Dungeon |  20041 |  19142 |    899 |   4350 |  11838 |  15 | 1336.1 |
          Lair |   8076 |   7665 |    411 |    171 |   6257 |   6 | 1346.0 |
        Shoals |   4021 |   3975 |     46 |   1809 |   1640 |   3 | 1340.3 |
  Orcish Mines |   1476 |   1421 |     55 |    103 |    930 |   2 |  738.0 |
         Abyss |    101 |    101 |      0 |      0 |     47 |   2 |   50.5 |
       Ossuary |    282 |    282 |      0 |      0 |    219 |   1 |  282.0 |
       Volcano |    493 |    493 |      0 |    137 |    215 |   1 |  493.0 |
               +--------+--------+--------+--------+--------+-----+--------+

Top non-repeatable levels by time:
    D:13: 2458 daAuts
    D:14: 2315 daAuts
Shoals:2: 2299 daAuts
    D:11: 2207 daAuts
  Lair:6: 1887 daAuts
     D:8: 1700 daAuts
Shoals:1: 1633 daAuts
  Lair:4: 1588 daAuts
    D:12: 1514 daAuts
  Lair:1: 1324 daAuts
    D:10: 1301 daAuts
    D:15: 1293 daAuts
     D:7: 1168 daAuts
  Lair:2: 1156 daAuts
     D:9: 1139 daAuts
